[Event "Late-Titled-Tuesday-Blitz-June-04-2024"]
[Site "Chess.com"]
[Date "2024.06.04"]
[Round "11"]
[White "Evan_Attaker"]
[Black "dropstoneDP"]
[Result "0-1"]
[WhiteElo "2701"]
[BlackElo "2944"]
[TimeControl "180+1"]
[EndTime "16:02:38 PDT"]
[Termination "dropstoneDP won by checkmate"]

1. a3 Nf6 2. c4 c5 3. Nf3 Nc6 4. e3 d5 5. cxd5 Nxd5 6. b3 e5 7. d3 Be6 8. Bb2 f6 9. Be2 Be7 10. Qc2 O-O 11. Nbd2 Qd7 12. Rc1 Rac8 13. O-O Kh8 14.
Rfe1 b6 15. Qb1 Bg8 16. Bd1 Rfd8 17. Bc2 Bf8 18. Ne4 Nc7 19. Ng3 b5 20. h4 a5 21.
h5 Ne6 22. Kf1 Rb8 23. Ke2 c4 24. dxc4 bxc4 25. Nh4 cxb3 26. Rh1 Nf4+ 27. exf4 Bc4+ 28. Kf3 bxc2 29. Qxc2 Rb3+ 30. Bc3 Nd4+ 31. Ke4 Qd5+ 32. Ke3 Nxc2+ 33. Rxc2 Qd3# 0-1

[Event "Late-Titled-Tuesday-Blitz-June-04-2024"]
[Site "Chess.com"]
[Date "2024.06.04"]
[Round "11"]
[White "NoSpaghettiForYou"]
[Black "TanitoluwaAps116"]
[Result "1-0"]
[WhiteElo "2564"]
[BlackElo "2672"]
[TimeControl "180+1"]
[EndTime "16:02:39 PDT"]
[Termination "NoSpaghettiForYou won by resignation"]

1. Nc3 e5 2. Nf3 Nc6 3. d4 exd4 4. Nxd4 Nf6 5. Bg5 Be7 6. Nxc6 bxc6 7. e4 Nxe4 8. Bxe7 Qxe7 9. Be2 Nxc3 10. bxc3 Ba6 11. Kf1 Bb7 12. h4 O-O 13. h5 c5 14. Bf3 d5 15. h6 g6 16. Rb1 c6 17. g3 Ba6+ 18. Kg2 Qf6 19. Qd2 Rfe8 20. Rbe1 Bc4 21. a4 a5 22. Rh4 Kf8 23. Rf4 Qd6 24. Rxe8+ Rxe8 25.
Rxc4 Re6 26. Rf4 Rf6 27. Rxf6 Qxf6 28. c4 1-0

[Event "Late-Titled-Tuesday-Blitz-June-04-2024"]
[Site "Chess.com"]
[Date "2024.06.04"]
[Round "11"]
[White "Eduard_Limonov"]
[Black "jucAxx"]
[Result "1-0"]
[WhiteElo "2840"]
[BlackElo "2467"]
[TimeControl "180+1"]
[EndTime "16:02:44 PDT"]
[Termination "Eduard_Limonov won by checkmate"]

1. e4 e6 2. Nc3 d5 3. g3 Nf6 4.
Bg2 c5 5. d3 Be7 6. f4 b6 7. Nf3 Bb7 8. e5 Nfd7 9. O-O Nc6 10. Ne2 Qc7 11. c4 O-O 12. cxd5 exd5 13. d4 Rfd8 14. Be3 cxd4 15. Nexd4 Nxd4 16. Nxd4 Bc5 17. Rc1 Qb8 18. Kh1 Nf8 19. Qd3 a5 20. Rfd1 Ba6 21.
Qf5 Bc8 22. Qg5 Bxd4 23. Bxd4 Ne6 24. Qh4 Nxd4 25. Qxd8# 1-0

[Event "Late-Titled-Tuesday-Blitz-June-04-2024"]
[Site "Chess.com"]
[Date "2024.06.04"]
[Round "11"]
[White "Synctel"]
[Black "rikchessmx"]
[Result "0-1"]
[WhiteElo "2098"]
[BlackElo "2347"]
[TimeControl "180+1"]
[EndTime "16:02:49 PDT"]
[Termination "rikchessmx won by resignation"]

1. d4 Nf6 2. Nf3 e6 3. e3 c5 4. Bd3 b6 5. Nbd2 Bb7 6. O-O d6 7. b3 Nbd7 8. Bb2 Be7 9. e4 O-O 10. c4 Qc7 11. d5 e5 12. Re1 Rfe8 13. Nf1 Bf8 14. Ng3 g6 15. Bc1 Bg7 16. h3 a5 17. a4 Nb8 18. Nh2 Bc8 19. f4 exf4 20. Bxf4 Nh5 21. Nxh5 Bxa1 22. Qxa1 gxh5 23. Bh6 f5 24.
exf5 Rxe1+ 25. Qxe1 Qf7 26. Qg3+ Kh8 27. Qxd6 Nd7 28.
Nf3 Qf6 29. Qg3 Qxh6 30. Ng5 Qf6 31. Qe3 Qd4 32. Qxd4+ cxd4 0-1

[Event "Late-Titled-Tuesday-Blitz-June-04-2024"]
[Site "Chess.com"]
[Date "2024.06.04"]
[Round "11"]
[White "FXDon77"]
[Black "nihalsarin"]
[Result "0-1"]
[WhiteElo "2885"]
[BlackElo "3218"]
[TimeControl "180+1"]
[EndTime "16:02:51 PDT"]
[Termination "nihalsarin won by resignation"]

1. e4 c5 2. Nf3 e6 3. d4 cxd4 4. Nxd4 a6 5. c4 Nf6 6. Nc3 Qc7 7. a3 b6 8. Be3 Bb7 9. f3 Nc6 10. Rc1 Nxd4 11. Bxd4 Bd6 12. g3 h5 13. Na4 h4 14. Nxb6 hxg3 15. Nxa8 Bxa8 16. Bg2 gxh2 17. c5 Bg3+ 18. Kf1 Bc6 19. a4 Nh5 20. Rc3 Bh4 21.
Bf2 Bxf2 22. Kxf2 Qg3+ 23. Kf1 Nf4 24. Qd2 Bxa4 25. b3 Bb5+ 26. Rc4 Bxc4+ 27. bxc4 a5 28.
Qf2 Qxf2+ 29. Kxf2 Nxg2 30. Kxg2 a4 31. Ra1 h1=Q+ 32. Rxh1 Rxh1 33. Kxh1 a3 0-1

[Event "Late-Titled-Tuesday-Blitz-June-04-2024"]
[Site "Chess.com"]
[Date "2024.06.04"]
[Round "11"]
[White "VladimirBugayev"]
[Black "mortngabriel"]
[Result "0-1"]
[WhiteElo "2337"]
[BlackElo "2493"]
[TimeControl "180+1"]
[EndTime "16:02:56 PDT"]
[Termination "mortngabriel won by resignation"]

1. e4 c5 2. Nc3 Nc6 3. Bb5 Nd4 4. Nf3 a6 5. Bd3 Nc6 6. b3 g6 7. h4 Bg7 8. h5 d6 9. Bb2 Bg4 10. hxg6 hxg6 11. Rxh8 Bxh8 12. Qe2 Nd4 13. Qe3 Bg7 14.
O-O-O Bh6 15. Qe1 Nxf3 16. gxf3 Bxf3 17. e5 Bxd1 18. Nxd1 e6 19. exd6 Qxd6 20. Nc3 Bg7 21. Ne4 Bxb2+ 22. Kxb2 Qe5+ 23. Kb1 f5 24. Qh1 fxe4 25.
Qh7 O-O-O 26. Bc4 Nf6 27. Qxg6 Rxd2 28. Kc1 Rd8 0-1

[Event "Late-Titled-Tuesday-Blitz-June-04-2024"]
[Site "Chess.com"]
[Date "2024.06.04"]
[Round "11"]
[White "Kiborg95"]
[Black "IlyaGrigorjev"]
[Result "1-0"]
[WhiteElo "2928"]
[BlackElo "2860"]
[TimeControl "180+1"]
[EndTime "16:03:02 PDT"]
[Termination "Kiborg95 won by resignation"]

1. e4 e5 2. Nf3 Nc6 3. Bc4 Bc5 4. O-O Nf6 5. d3 d6 6. c3 a6 7. Bb3 O-O 8. h3 h6 9. Re1 Ba7 10. Nbd2 Be6 11. Bc2 Re8 12. Nf1 d5 13. exd5 Bxd5 14. Ng3 Qd7 15. b4 b5 16. a4 Rad8 17. axb5 axb5 18. Rxa7 Nxa7 19. Nxe5 Qc8 20. d4 Nc6 21. Bf4 Nxe5 22. Bxe5 Qa6 23. Nf5 Qc6 24. Re3 Re6 25. Rg3 Nh5 26. Qxh5 1-0

[Event "Late-Titled-Tuesday-Blitz-June-04-2024"]
[Site "Chess.com"]
[Date "2024.06.04"]
[Round "11"]
[White "scrambleyourbrain"]
[Black "HowTo2Draw"]
[Result "1/2-1/2"]
[WhiteElo "2409"]
[BlackElo "2591"]
[TimeControl "180+1"]
[EndTime "16:03:16 PDT"]
[Termination "Game drawn by repetition"]

1. e4 c6 2. Nf3 d5 3. Nc3 dxe4 4. Nxe4 Bg4 5. Bc4 e6 6. h3 Bxf3 7. Qxf3 Nd7 8. d4 Ngf6 9. Bg5 Be7 10. Nxf6+ Bxf6 11.
Bxf6 Qxf6 12. Qxf6 Nxf6 13. c3 O-O-O 14. O-O-O Ne4 15.
Rhf1 Nd6 16. Bd3 Rd7 17. Rde1 g6 18. f4 Rhd8 19. Re5 Ne8 20. g4 Rd5 21. Rxd5 exd5 22.
f5 g5 23. h4 h6 24. hxg5 hxg5 25. Rh1 Nf6 26. Be2 Re8 27. Kd1 Kd7 28. Rh6 Ke7 29. Bf3 Rd8 30. Kd2 Rd6 31. Kd3 Kf8 32.
Rh8+ Ke7 33. Rh6 Rd8 34. Kd2 a5 35. a4 Rb8 36. Kc2 b5 37. axb5 Rxb5 38. Rh1 Kd6 39. Rh6 Ke7 40. Rh1 Kd6 41. Rh6 Ke7 1/2-1/2

[Event "Late-Titled-Tuesday-Blitz-June-04-2024"]
[Site "Chess.com"]
[Date "2024.06.04"]
[Round "11"]
[White "Heinza9"]
[Black "Nemsko"]
[Result "1-0"]
[WhiteElo "2327"]
[BlackElo "2304"]
[TimeControl "180+1"]
[EndTime "16:03:18 PDT"]
[Termination "Heinza9 won by checkmate"]

1. c4 e5 2. Nc3 Nf6 3. Nf3 Nc6 4. d3 Bc5 5. e3 d6 6. Be2 a5 7.
O-O O-O 8. b3 h6 9. Bb2 Bf5 10.
d4 exd4 11. exd4 Ba7 12. Nb5 Re8 13. Bd3 Bg4 14. h3 Bh5 15. g4 Bg6 16. Bxg6 fxg6 17. Qd3 g5 18. Rae1 Qd7 19. Qg6 Rxe1 20. Rxe1 Rf8 21. d5 Bxf2+ 22. Kxf2 Ne5 23. Nxe5 dxe5 24. Kg2 Nxg4 25. Qe6+ Qxe6 26. dxe6 Rf2+ 27. Kg3 Rxb2 28. Kxg4 Kf8 29. Rxe5 Ke7 30. Nxc7 Rxa2 31. Nd5+ Ke8 32. e7 Rg2+ 33. Kf3 Rg1 34. Nc7+ Kd7 35. e8=Q+ Kxc7 36. Rc5+ Kb6 37. Qb5+ Ka7 38. Qxa5+ Kb8 39. Qd8+ Ka7 40. Ra5# 1-0

[Event "Late-Titled-Tuesday-Blitz-June-04-2024"]
[Site "Chess.com"]
[Date "2024.06.04"]
[Round "11"]
[White "TheoSlade"]
[Black "Alphafischer2019"]
[Result "0-1"]
[WhiteElo "2489"]
[BlackElo "2632"]
[TimeControl "180+1"]
[EndTime "16:03:19 PDT"]
[Termination "Alphafischer2019 won by resignation"]

1. d4 Nf6 2. c4 b6 3. Nc3 Bb7 4.
Qc2 d5 5. cxd5 Nxd5 6. Nf3 e6 7. e4 Nxc3 8. bxc3 Be7 9. Bd3 O-O 10. O-O c5 11. Be3 cxd4 12. cxd4 Nc6 13. Qe2 Nb4 14. Bb1 Ba6 15. Qd2 Bxf1 16. Kxf1 Rc8 17. a3 Nc6 18. d5 Na5 19. Qd3 Nc4 20. e5 Nxe3+ 21. fxe3 g6 22. d6 Bg5 23. Ba2 Bh6 24. Qa6 Qd7 25.
Bc4 Rc5 26. a4 Ra5 27. Bb5 Qd8 28. Qb7 Bxe3 29. Ke2 Bc5 30. Qe7 Qxe7 31. dxe7 Bxe7 32. Nd4 a6 33. Nc6 axb5 34. Nxa5 bxa5 35. axb5 Bb4 0-1

[Event "Late-Titled-Tuesday-Blitz-June-04-2024"]
[Site "Chess.com"]
[Date "2024.06.04"]
[Round "11"]
[White "stolencandy13"]
[Black "duone"]
[Result "1-0"]
[WhiteElo "2625"]
[BlackElo "2408"]
[TimeControl "180+1"]
[EndTime "16:03:20 PDT"]
[Termination "stolencandy13 won by resignation"]

1. d4 Nf6 2. Bf4 e6 3. e3 c5 4.
c3 Nc6 5. Nd2 d5 6. Bd3 Bd6 7.
Bxd6 Qxd6 8. f4 O-O 9. Ngf3 b6 10. O-O Bb7 11. Ne5 Ne7 12. Rf3 Ne4 13. Rh3 f6 14.
Qh5 fxe5 15. Qxh7+ Kf7 16. fxe5 Qd7 17. Rf1+ Nf5 18. Bxe4 dxe4 19. Rg3 Ke8 20. Rxf5 exf5 21. Rxg7 Rf7 22. Qg8+ Rf8 23. Qxf8+ Kxf8 24. Rxd7 Bc6 25. Rc7 Bb5 26. c4 Ba6 27. d5 Re8 28. Rxa7 Bc8 29. e6 Re7 30. Ra8 Re8 31. Rb8 b5 32. Rxb5 1-0

[Event "Late-Titled-Tuesday-Blitz-June-04-2024"]
[Site "Chess.com"]
[Date "2024.06.04"]
[Round "11"]
[White "StoreySniper"]
[Black "Arteler"]
[Result "1-0"]
[WhiteElo "2446"]
[BlackElo "2220"]
[TimeControl "180+1"]
[EndTime "16:03:20 PDT"]
[Termination "StoreySniper won by checkmate"]

1. d4 d5 2. c4 c6 3. Nf3 Nf6 4. Nc3 e6 5. Bg5 Nbd7 6. e3 Be7 7.
Qc2 O-O 8. Bd3 h6 9. Bf4 dxc4 10. Bxc4 Nb6 11. Bd3 Bd6 12. Bg3 Nbd5 13. a3 Nxc3 14.
bxc3 Qc7 15. O-O Bxg3 16. fxg3 b6 17. e4 Bb7 18. e5 Nd7 19. g4 c5 20. Qf2 cxd4 21.
cxd4 Rac8 22. g5 hxg5 23. Nxg5 Qc3 24. Bh7+ Kh8 25. Qh4 Qe3+ 26. Kh1 Bxg2+ 27. Kxg2 Qe2+ 28. Rf2 Qc4 29. Be4+ Kg8 30. Qh7# 1-0

[Event "Late-Titled-Tuesday-Blitz-June-04-2024"]
[Site "Chess.com"]
[Date "2024.06.04"]
[Round "11"]
[White "CarlosjPineror"]
[Black "Kielinkei"]
[Result "1-0"]
[WhiteElo "2675"]
[BlackElo "2465"]
[TimeControl "180+1"]
[EndTime "16:03:28 PDT"]
[Termination "CarlosjPineror won by checkmate"]

1. e4 c5 2. Nf3 e6 3. d4 cxd4 4. Nxd4 Nc6 5. Nc3 Qc7 6. Be3 a6 7. Be2 Nf6 8. O-O Be7 9. f4 d6 10. Qe1 O-O 11. Rd1 Bd7 12. Qg3 b5 13. a3 Nxd4 14.
Bxd4 Bc6 15. Bf3 Rad8 16. Rde1 Qb7 17. b4 Rc8 18. e5 dxe5 19. fxe5 Nd5 20. Ne4 Rcd8 21.
Nf6+ Kh8 22. Qh4 gxf6 23. exf6 Nxf6 24. Bxf6+ Bxf6 25. Qxf6+ Kg8 26. Qg5+ Kh8 27. Qf6+ Kg8 28. Bxc6 Qxc6 29. Re3 Qb6 30. Rf3 Rd1+ 31. Kf2 Rd2+ 32.
Kf1 Rfd8 33. Qxf7+ Kh8 34. Qf6+ Kg8 35. Rg3# 1-0

[Event "Late-Titled-Tuesday-Blitz-June-04-2024"]
[Site "Chess.com"]
[Date "2024.06.04"]
[Round "11"]
[White "katharinareinecke"]
[Black "Eloist"]
[Result "0-1"]
[WhiteElo "1997"]
[BlackElo "2403"]
[TimeControl "180+1"]
[EndTime "16:03:31 PDT"]
[Termination "Eloist won by resignation"]

1. e4 e6 2. d4 d5 3. e5 c5 4. c3 Ne7 5. Nf3 Nec6 6. Bd3 b6 7. O-O Ba6 8. Bxa6 Nxa6 9. h4 Nc7 10. h5 h6 11. a3 c4 12. Nbd2 Be7 13. Nh2 Kd7 14. f4 f5 15. Ndf3 Qe8 16. Ne1 g6 17. hxg6 Qxg6 18. Qf3 Rag8 19. Bd2 Na5 20. Rd1 Nb3 21. Nc2 h5 22. Ne1 h4 23. Qh3 Qh5 24. Nef3 Rg3 25. Ng5 Rxh3 26. gxh3 Qe2 27. Nhf3 Bxg5 28. Rde1 Qd3 29.
fxg5 Nxd2 30. Nxd2 Qxd2 0-1

[Event "Late-Titled-Tuesday-Blitz-June-04-2024"]
[Site "Chess.com"]
[Date "2024.06.04"]
[Round "11"]
[White "GMChessrob"]
[Black "th3d4rkness"]
[Result "1-0"]
[WhiteElo "2589"]
[BlackElo "2152"]
[TimeControl "180+1"]
[EndTime "16:03:34 PDT"]
[Termination "GMChessrob won by resignation"]

1. d4 Nf6 2. c4 e6 3. g3 Bb4+ 4. Nd2 O-O 5. Bg2 d5 6. Nf3 c5 7. O-O cxd4 8. Nxd4 Nc6 9. N2f3 Nxd4 10. Qxd4 Bd7 11.
cxd5 Qe7 12. Bg5 Bc5 13. d6 Qxd6 14. Qxd6 Bxd6 15. Bxf6 gxf6 16. Rfd1 Bb5 17. Rxd6 Bxe2 18. Nd4 Ba6 19. Rxa6 bxa6 20. Bxa8 Rxa8 21. b4 Rd8 22.
Nb3 Rd4 23. Nxd4 1-0

[Event "Late-Titled-Tuesday-Blitz-June-04-2024"]
[Site "Chess.com"]
[Date "2024.06.04"]
[Round "11"]
[White "krzyzan94"]
[Black "Msb2"]
[Result "0-1"]
[WhiteElo "2801"]
[BlackElo "3030"]
[TimeControl "180+1"]
[EndTime "16:03:38 PDT"]
[Termination "Msb2 won by resignation"]

1. Nf3 d5 2. e3 Nf6 3. b3 e6 4. Bb2 Bd6 5. g3 O-O 6. Bg2 c5 7. O-O Nc6 8. c4 d4 9. exd4 cxd4 10. Nxd4 Nxd4 11. Bxd4 Bxg3 12. hxg3 Qxd4 13. Nc3 Rd8 14. Qf3 Rb8 15. Nb5 Qb6 16. Qe3 Qxe3 17. dxe3 a6 18. Nc3 Bd7 19. Rfd1 Kf8 20. a4 Ke7 21. Kf1 a5 22.
Ke2 b6 23. Ne4 Bc6 24. Nxf6 Bxg2 25.
Nh5 Be4 26. Rd4 Bc2 27. Ra3 e5 28. Rxd8 Rxd8 29. Nxg7 Kf8 30. Ra2 Bxb3 0-1

[Event "Late-Titled-Tuesday-Blitz-June-04-2024"]
[Site "Chess.com"]
[Date "2024.06.04"]
[Round "11"]
[White "ural58"]
[Black "PawnEatingZombie"]
[Result "1-0"]
[WhiteElo "2428"]
[BlackElo "2282"]
[TimeControl "180+1"]
[EndTime "16:03:46 PDT"]
[Termination "ural58 won by resignation"]

1. e4 c5 2. b3 Nc6 3. Bb2 e5 4. f4 exf4 5. Qf3 d6 6. Qxf4 Nge7 7.
Bb5 Ng6 8. Qe3 f6 9. Nc3 Be7 10. O-O-O Be6 11. d4 cxd4 12. Qxd4 Qd7 13. Qd2 O-O-O 14.
Nf3 Kb8 15. Nd5 Nge5 16. Nd4 Qc8 17. Bxc6 Nxc6 18. Nxc6+ Qxc6 19. Nxe7 Qa6 20. a4 Rhe8 21. Nd5 Bd7 22. Qd4 b5 23. axb5 Bxb5 24. Rhe1 Bc6 25. Nb4 Qb7 26. Nxc6+ Qxc6 27. Rd3 Re6 28. Rc3 Qb7 29. Rc4 Rde8 30. Rb4 1-0

[Event "Late-Titled-Tuesday-Blitz-June-04-2024"]
[Site "Chess.com"]
[Date "2024.06.04"]
[Round "11"]
[White "BardArtem"]
[Black "Tunahan_Makaraci"]
[Result "0-1"]
[WhiteElo "2739"]
[BlackElo "2607"]
[TimeControl "180+1"]
[EndTime "16:03:52 PDT"]
[Termination "Tunahan_Makaraci won by resignation"]

1. d4 d5 2. Nc3 e6 3. Bf4 c5 4. e4 cxd4 5. Qxd4 Nc6 6. Bb5 Bd7 7. Bxc6 bxc6 8. Nf3 c5 9. Qd2 d4 10. Ne2 f6 11. e5 g5 12. Bg3 g4 13. Nh4 f5 14. h3 Bh6 15. Nf4 Ne7 16. hxg4 fxg4 17. Qe2 Rg8 18. Qe4 Bb5 19. Nxe6 Qa5+ 20. c3 dxc3 21. b4 Bd2+ 22. Kd1 Qa4+ 23. Qc2 Be2+ 24. Kxe2 Qxc2 25. Rhd1 Qe4+ 26. Kf1 Qc4+ 0-1

[Event "Late-Titled-Tuesday-Blitz-June-04-2024"]
[Site "Chess.com"]
[Date "2024.06.04"]
[Round "11"]
[White "HansOnTwitch"]
[Black "Polish_fighter3000"]
[Result "1-0"]
[WhiteElo "3144"]
[BlackElo "3076"]
[TimeControl "180+1"]
[EndTime "16:03:53 PDT"]
[Termination "HansOnTwitch won by resignation"]

1. e4 e5 2. Nf3 Nc6 3. Bc4 Bc5 4. d3 Nf6 5. c3 d6 6. O-O a5 7. Re1 h6 8. Nbd2 O-O 9. Nf1 Be6 10.
Bb5 Bb6 11. h3 Nh7 12. d4 exd4 13. cxd4 d5 14. e5 Ng5 15. Nxg5 hxg5 16. Bxc6 bxc6 17.
Be3 a4 18. Rc1 Ba5 19. Bd2 Bxd2 20. Qxd2 Bd7 21. Nh2 Re8 22. Rc3 Rb8 23. Rg3 f6 24. f4 gxf4 25. Qxf4 Rxb2 26. Rf1 Rf8 27. exf6 Rf7 28.
Rxg7+ Rxg7 29. fxg7 Kxg7 30. Qf7+ Kh8 31. Rf6 1-0

[Event "Late-Titled-Tuesday-Blitz-June-04-2024"]
[Site "Chess.com"]
[Date "2024.06.04"]
[Round "11"]
[White "Sanan_Sjugirov"]
[Black "IlanSchnaider"]
[Result "1-0"]
[WhiteElo "2949"]
[BlackElo "2790"]
[TimeControl "180+1"]
[EndTime "16:03:57 PDT"]
[Termination "Sanan_Sjugirov won on time"]

1. e4 c5 2. Nf3 d6 3. Nc3 Nf6 4. d4 cxd4 5. Nxd4 a6 6. Bg5 e6 7. f4 Be7 8. Qf3 Qc7 9. O-O-O Nbd7 10. g4 h6 11. Bxf6 Bxf6 12. h4 Nb6 13. g5 Bxd4 14. Rxd4 Qc5 15. Rd2 Bd7 16. Be2 Na4 17. Nxa4 Bxa4 18.
Rhd1 hxg5 19. hxg5 Rc8 20. b3 Bb5 21. Bxb5+ axb5 22. Kb1 Rc6 23. f5 Qe5 24. g6 fxg6 25.
fxe6 Qxe6 26. e5 Rf8 27. Qg3 dxe5 28. Rd8+ Ke7 29. Qh4+ Qf6 30. Qb4+ 1-0

[Event "Late-Titled-Tuesday-Blitz-June-04-2024"]
[Site "Chess.com"]
[Date "2024.06.04"]
[Round "11"]
[White "yobdc"]
[Black "Pachonpower"]
[Result "1-0"]
[WhiteElo "2538"]
[BlackElo "2401"]
[TimeControl "180+1"]
[EndTime "16:04:02 PDT"]
[Termination "yobdc won by resignation"]

1. e4 e6 2. d4 d5 3. exd5 exd5 4.
h3 Bd6 5. c4 dxc4 6. Bxc4 Nf6 7. Nf3 O-O 8. O-O Nc6 9. Nc3 Bf5 10. Bg5 h6 11. Bh4 Be7 12. Re1 Na5 13. Bf1 Nc6 14.
d5 Nb8 15. Qb3 b6 16. Nd4 Bd7 17. Rad1 a5 18. Nc6 Bxc6 19. dxc6 Bd6 20. Ne4 Nxc6 21. Bxf6 gxf6 22. Qf3 Ne5 23. Nxf6+ Kh8 24. Rxe5 Bxe5 25.
Rxd8 Raxd8 26. Qf5 Bxf6 27. Qxf6+ Kg8 28. Qxh6 Rd6 29.
Qf4 Rfd8 30. Bc4 R8d7 31. Qg5+ Kf8 32. h4 Rd4 33. b3 R7d6 34. h5 c6 35. a4 b5 36.
axb5 cxb5 37. Qxb5 Rh4 38. Qb8+ Ke7 39. Qc7+ Rd7 40.
Qe5+ Kf8 41. g3 Rhd4 42. h6 Rd1+ 43. Kg2 R1d6 44. Qg7+ Ke7 45. h7 1-0

[Event "Late-Titled-Tuesday-Blitz-June-04-2024"]
[Site "Chess.com"]
[Date "2024.06.04"]
[Round "11"]
[White "Roedor"]
[Black "Romkachess"]
[Result "0-1"]
[WhiteElo "2376"]
[BlackElo "2526"]
[TimeControl "180+1"]
[EndTime "16:04:14 PDT"]
[Termination "Romkachess won by resignation"]

1. d4 Nf6 2. c4 e6 3. g3 d5 4. Bg2 Be7 5. Nf3 O-O 6. O-O Nbd7 7. Nbd2 c6 8. Qc2 b6 9. e4 dxc4 10. Nxc4 Bb7 11. Bf4 c5 12. e5 Nd5 13. dxc5 Bxc5 14.
Ng5 g6 15. Ne4 Rc8 16. Bh6 b5 17. Ncd6 Bxd6 18. Qxc8 Qxc8 19. Nxd6 Qa8 20. Bxf8 Nxf8 21. Rac1 Bc6 22. Rfd1 Nd7 23. f4 g5 24. Rd4 a6 25.
h4 Qa7 26. Rd1 Ne3 27. Nc8 Qc7 28. Ne7+ Kg7 29. Bxc6 Nxd1 30. Rxd1 Nxe5 31. fxe5 Qxe7 32. Bf3 Qc5+ 33. Kg2 Qxe5 34. hxg5 Qxb2+ 35. Kh3 Qxa2 36. Rd7 Qb1 37. Bh5 Qf5+ 38. Kh4 b4 39. Ra7 b3 40.
Rxa6 b2 41. Rb6 b1=Q 42. Rxb1 Qxb1 0-1

[Event "Late-Titled-Tuesday-Blitz-June-04-2024"]
[Site "Chess.com"]
[Date "2024.06.04"]
[Round "11"]
[White "Szparu"]
[Black "JoakimVonAnd"]
[Result "1-0"]
[WhiteElo "2974"]
[BlackElo "2794"]
[TimeControl "180+1"]
[EndTime "16:04:15 PDT"]
[Termination "Szparu won by resignation"]

1. Nf3 d5 2. d4 Nf6 3. c4 e6 4. g3 h6 5. Bg2 Bd6 6. O-O O-O 7. b3 b6 8. cxd5 exd5 9. Nc3 Re8 10. Nb5 Ba6 11. Nxd6 Bxe2 12. Nxe8 Bxd1 13. Nxf6+ Qxf6 14.
Rxd1 Nd7 15. Ne5 Nxe5 16. dxe5 Qxe5 17. Bf4 Qe7 18. Rxd5 Rd8 19. Rxd8+ Qxd8 20. Bf3 c5 21. Rd1 Qf6 22. Kg2 g6 23. Rd7 g5 24. Bb8 Qf5 25. Rd8+ Kg7 26. g4 Qf6 27. Rd7 Qe6 28. Rxa7 b5 29.
Rc7 c4 30. bxc4 bxc4 31. Ba7 c3 32. Bd4+ Kh7 33. Bxc3 1-0

[Event "Late-Titled-Tuesday-Blitz-June-04-2024"]
[Site "Chess.com"]
[Date "2024.06.04"]
[Round "11"]
[White "MarceloPlaya"]
[Black "Michalczak"]
[Result "0-1"]
[WhiteElo "2366"]
[BlackElo "2514"]
[TimeControl "180+1"]
[EndTime "16:04:17 PDT"]
[Termination "Michalczak won on time"]

1. e4 e5 2. Nf3 Nc6 3. d4 exd4 4.
Bc4 Nf6 5. Ng5 d5 6. exd5 Bb4+ 7. c3 dxc3 8. bxc3 Qe7+ 9. Kf1 Ne5 10. Bb5+ c6 11.
dxc6 bxc6 12. cxb4 cxb5 13. Nc3 O-O 14. Bf4 h6 15. Nf3 Nxf3 16. Qxf3 Bb7 17. Qg3 Nh5 18. Qe3 Qxb4 19. Bg3 Rfe8 20. Qd2 Rad8 21. Qc2 Qc4+ 22.
Kg1 b4 0-1

[Event "Late-Titled-Tuesday-Blitz-June-04-2024"]
[Site "Chess.com"]
[Date "2024.06.04"]
[Round "11"]
[White "Attacker_2006"]
[Black "teresin05"]
[Result "1-0"]
[WhiteElo "2496"]
[BlackElo "2312"]
[TimeControl "180+1"]
[EndTime "16:04:18 PDT"]
[Termination "Attacker_2006 won on time"]

1. e4 c5 2. Nc3 Nc6 3. f4 g6 4. Nf3 Bg7 5. Bc4 e6 6. f5 Nge7 7. fxe6 dxe6 8. O-O O-O 9. d3 Nd4 10. Be3 Nec6 11. Qd2 a6 12. Bh6 b5 13. Bb3 Nxf3+ 14.
Rxf3 Bxh6 15. Qxh6 Qd4+ 16. Kh1 Qg7 17. Qe3 Nd4 18.
Rh3 e5 19. Rg3 Be6 20. Nd5 Rad8 21. Ne7+ Kh8 22. Rf1 Bxb3 23. cxb3 f6 24. Nd5 Rd6 25. Rh3 Ne6 26. Rg3 g5 27. h4 Qh6 28. Kg1 Qxh4 29.
Rh3 Qg4 30. Rxf6 Qd1+ 31. Kh2 Rxf6 32. Nxf6 Nf8 33. Qxg5 Rxf6 34. Qxf6+ Kg8 35. Rg3+ Ng6 36. Rf3 1-0

[Event "Late-Titled-Tuesday-Blitz-June-04-2024"]
[Site "Chess.com"]
[Date "2024.06.04"]
[Round "11"]
[White "betta2004"]
[Black "WilliamAlfaroCaracas"]
[Result "1-0"]
[WhiteElo "2539"]
[BlackElo "2375"]
[TimeControl "180+1"]
[EndTime "16:04:28 PDT"]
[Termination "betta2004 won on time"]

1. Nf3 c5 2. e3 Nf6 3. b3 g6 4. Bb2 Bg7 5. d4 O-O 6. Nbd2 d5 7. Ne5 Nc6 8. Be2 Qa5 9. f4 Ne4 10. Bf3 Bf5 11. Bxe4 Bxe4 12. Nd7 cxd4 13. exd4 Rfd8 14. Ne5 Nxe5 15. fxe5 Rac8 16. c3 Bd3 17. Qf3 Ba6 18. h4 f6 19. h5 fxe5 20. hxg6 hxg6 21. Qg4 exd4 22. Qe6+ Kf8 23. c4 dxc4 24. O-O+ Bf6 25. Rae1 Qc7 26. Ba3 Rd6 27. Bxd6 Qxd6 28. Qxd6 exd6 29.
Rxf6+ Kg7 30. Rxd6 c3 31. Nc4 Bxc4 32. bxc4 Rxc4 33.
Rc1 c2 34. Kf2 Kf7 35. Ke2 Ke7 36. Rd5 Ke6 37. Rg5 Rc3 38. Rxg6+ Kd5 39. Kd2 1-0

[Event "Late-Titled-Tuesday-Blitz-June-04-2024"]
[Site "Chess.com"]
[Date "2024.06.04"]
[Round "11"]
[White "Quattroporte300"]
[Black "nabukatnezarr"]
[Result "0-1"]
[WhiteElo "2453"]
[BlackElo "2588"]
[TimeControl "180+1"]
[EndTime "16:04:30 PDT"]
[Termination "nabukatnezarr won by resignation"]

1. e4 c6 2. d4 d5 3. exd5 cxd5 4. Bd3 Nc6 5. c3 Nf6 6. Bf4 Bg4 7. Qb3 e5 8. dxe5 Qe7 9. Bb5 Nh5 10. Qxd5 Qc7 11.
Qe4 O-O-O 12. f3 Nxf4 13. Qxf4 Be6 14. Bxc6 Qxc6 15. Ne2 Qb6 16. b3 Bc5 17. Qg3 Bf2+ 18. Qxf2 Rd1+ 19. Kxd1 Qxf2 20. Nd2 Rd8 21. Nd4 Qxg2 22.
Kc2 Bf5+ 0-1

[Event "Late-Titled-Tuesday-Blitz-June-04-2024"]
[Site "Chess.com"]
[Date "2024.06.04"]
[Round "11"]
[White "fpawn"]
[Black "ericovski"]
[Result "0-1"]
[WhiteElo "2425"]
[BlackElo "2573"]
[TimeControl "180+1"]
[EndTime "16:04:31 PDT"]
[Termination "ericovski won by resignation"]

1. e4 c6 2. Nc3 d5 3. d4 dxe4 4. Nxe4 Bf5 5. Ng3 Bg6 6. h4 h6 7.
h5 Bh7 8. Nf3 Nd7 9. Bd3 Bxd3 10.
Qxd3 e6 11. Bd2 Ngf6 12. O-O-O Be7 13. Kb1 O-O 14. Ne4 Nxe4 15. Qxe4 Nf6 16. Qe2 Qd5 17. c4 Qe4+ 18. Qxe4 Nxe4 19. Be3 f5 20. Nd2 Bg5 21. Nxe4 fxe4 22. Bxg5 hxg5 23. Rd2 Rf4 24. g3 Rf3 25. Re1 Raf8 26. Rxe4 R8f6 27. Kc2 Rxf2 28. Re5 Rxd2+ 29. Kxd2 Rf2+ 30. Re2 Rf3 31. Rxe6 Rxg3 32. Re7 Rf3 33. Rxb7 g4 34. Rb3 Rf2+ 35. Ke1 Rf4 36. Rd3 Kf7 37. b4 Ke7 38. a4 Kd6 39. a5 a6 40. Ke2 Ke6 41. Ke3 Rf1 42. Ke2 Rc1 43. Rg3 Kf5 44. Kd3 Kf4 45. Rg2 Kf3 46. Re2 Rd1+ 47.
Rd2 Rxd2+ 48. Kxd2 g3 49. d5 cxd5 50. cxd5 g2 51.
d6 g1=Q 0-1

[Event "Late-Titled-Tuesday-Blitz-June-04-2024"]
[Site "Chess.com"]
[Date "2024.06.04"]
[Round "11"]
[White "SaraciNderim"]
[Black "The_Sherman_Variation"]
[Result "1-0"]
[WhiteElo "2873"]
[BlackElo "2598"]
[TimeControl "180+1"]
[EndTime "16:04:36 PDT"]
[Termination "SaraciNderim won by resignation"]

1. e4 e6 2. d4 d5 3. exd5 exd5 4. Bd3 Nf6 5. c3 Bd6 6. Ne2 O-O 7. Bf4 Ne4 8. Bxd6 Qxd6 9. f3 f5 10. O-O Nf6 11. Qd2 b6 12. Qf4 Qxf4 13. Nxf4 g6 14. Nd2 c6 15. Rae1 Kf7 16. h4 Ba6 17. Re3 Bxd3 18. Nxd3 Nbd7 19. g4 Rfe8 20. Ne5+ Nxe5 21. dxe5 Nd7 22. Rfe1 Nc5 23. Nb3 Ne6 24. Nd4 c5 25. Nxe6 Kxe6 26. gxf5+ gxf5 27. Kf2 f4 28. Rd3 Rg8 29. b4 Rg3 30. bxc5 bxc5 31. c4 d4 32. Ra3 a5 33. Rb3 Rag8 34. Rb6+ Kd7 35. Ke2 Rh3 36. Reb1 Rg2+ 37. Kd3 Rxf3+ 38. Ke4 Rfg3 39. Rb7+ Ke8 40. Rxh7 Rg7 41. Rb8+ Kf7 42. Rb7+ Kg8 43. Rbxg7+ Rxg7 44. Rxg7+ Kxg7 45. Kxf4 Kg6 46. Kg4 Kf7 47. h5 Kg7 48.
Kf4 Kf7 49. Ke4 Kg7 50. e6 Kf6 51. h6 Kxe6 52. h7 1-0